AoeStats
← fechinoo

Fortress

508312867Analyzed
4v4 RM · 11d ago on Sep 21, 2026· 34m 56s· 8 players
Game mode
Random Map
Map size
Huge
Population
200
Speed
Normal
Resources
Standard
Victory
Conquest
Starting age
Dark Age
Ending age
Imperial Age
RankedLock teamsTeams togetherTeam positionsShared explorationLock speedFull tech treeHidden civsTurbo modeCheats
Victory
Defeat
🇹🇷 Bohemians · Türkiye
1049
+14
🇲🇽 Turks · Mexico
1048
+14
🇲🇽 Portuguese · Mexico
1012
+16
🇺🇦 Slavs · Ukraine
991
+17
🇦🇷 Portuguese · Argentina
1111
-19
1020
-16
🇨🇳 Bohemians · China
1011
-15
🇲🇽 Hindustanis · Mexico
896
-11
MZTK | ___Jaque_mate
5:37 Feudal Age
11:10 Castle Age
10:43 Double-Bit Axe
10:52 Gold Mining
11:24 Loom
16:01 Redemption
18:32 Town Watch
19:23 Wheelbarrow
20:32 Fervor
28:16 Hand Cart
27:50 Pikeman
28:40 Horse Collar
30:07 Heavy Plow
34:14 Imperial Age
32:46 Forging
32:36 Scale Mail Armor
35:06 Scale Mail Armor
35:46 Iron Casting
Gonnar
8:04 Feudal Age
12:01 Castle Age
9:56 Double-Bit Axe
9:53 Horse Collar
11:17 Gold Mining
17:58 Wheelbarrow
23:20 Imperial Age
21:34 Gold Shaft Mining
21:41 Husbandry
21:51 Bloodlines
22:04 Fletching
22:15 Padded Archer Armor
22:37 Sipahi
23:16 Thumb Ring
23:08 Bodkin Arrow
23:28 Leather Archer Armor
23:55 Bow Saw
24:05 Bow Saw
25:19 Parthian Tactics
24:56 Bracer
25:12 Leather Archer Armor
26:05 Ballistics
26:23 Stone Mining
26:22 Heavy Cavalry Archer
28:25 Ring Archer Armor
28:37 Conscription
31:23 Artillery
TaniaTequilaFromDushanbe
5:22 Loom
8:45 Feudal Age
9:44 Double-Bit Axe
9:42 Horse Collar
10:58 Town Watch
11:48 Forging
14:12 Castle Age
12:50 Scale Barding Armor
16:08 Bow Saw
17:20 Wheelbarrow
16:49 Fletching
17:49 Gold Mining
20:43 Iron Casting
20:41 Detinets
23:20 Bloodlines
23:11 Husbandry
22:48 Pikeman
23:28 Squires
24:15 Ballistics
26:06 Stone Mining
26:52 Gold Shaft Mining
31:15 Imperial Age
29:01 Scale Mail Armor
31:54 Halberdier
34:01 Conscription
35:53 Blast Furnace
35:10 Chain Mail Armor
34:45 Capped Ram
telefontel1
6:28 Feudal Age
7:16 Horse Collar
7:31 Double-Bit Axe
12:02 Castle Age
17:57 Wheelbarrow
20:02 Treadmill Crane
20:23 Loom
21:02 Ballistics
24:26 Imperial Age
22:18 Masonry
23:49 Bow Saw
23:40 Heavy Plow
26:17 Conscription
26:47 Murder Holes
29:35 Elite Hussite Wagon
29:42 Elite Hussite Wagon
30:33 Wagenburg Tactics
31:54 Chemistry
32:51 Hussite Reforms
34:06 Fervor
34:21 Sanctity
35:12 Block Printing
36:06 Theocracy
BearKing89
8:21 Feudal Age
12:44 Castle Age
11:27 Double-Bit Axe
12:54 Gold Mining
14:29 Forging
14:25 Scale Barding Armor
14:23 Loom
15:50 Bloodlines
15:41 Husbandry
20:53 Wheelbarrow
25:34 Iron Casting
25:53 Gold Shaft Mining
CTM | My Little Pipii <3
8:41 Feudal Age
7:10 Loom
12:33 Castle Age
10:29 Horse Collar
11:02 Double-Bit Axe
24:50 Imperial Age
23:57 Wheelbarrow
24:25 Town Watch
25:10 Murder Holes
25:27 Masonry
26:47 Chemistry
26:30 Fletching
26:40 Padded Archer Armor
27:57 Thumb Ring
28:18 Elite Skirmisher
28:57 Elite Organ Gun
31:34 Bodkin Arrow
31:55 Leather Archer Armor
34:56 Arquebus
三只蚂蚁国际集运
1:18 Loom
8:03 Feudal Age
12:48 Castle Age
11:07 Double-Bit Axe
11:49 Horse Collar
12:06 Gold Mining
20:17 Husbandry
22:46 Scale Barding Armor
28:48 Imperial Age
26:37 Stone Mining
27:23 Gold Shaft Mining
27:51 Wheelbarrow
28:23 Town Watch
29:34 Chain Barding Armor
29:25 Forging
29:09 Cavalier
29:20 Light Cavalry
29:53 Fletching
31:38 Conscription
31:59 Hussar
33:37 Paladin
fechinoo
7:47 Feudal Age
9:19 Double-Bit Axe
11:43 Castle Age
9:41 Horse Collar
13:07 Heavy Plow
13:45 Bow Saw
15:00 Loom
22:39 Wheelbarrow
Connection lost

Rejoining the realm…

Still unreachable

The connection could not be restored.

Session expired

The server has moved on; the page needs a fresh start.